 Dungeon Crawl Stone Soup version 0.14.1 (webtiles) character file.

1005 Quh the Magician (level 7, -3/38 HPs)
             Began as a Deep Elf Wizard on Apr 28, 2014.
             Was a Follower of Sif Muna.
             Killed by nerve-wracking pain
             ... invoked by Grinder
              (9 damage)
             ... while paralysed by Grinder
             ... on Level 6 of the Dungeon on Apr 29, 2014.
             The game lasted 00:42:18 (6053 turns).

Quh the Magician (Deep Elf Wizard)                  Turns: 6053, Time: 00:42:18

HP  -3/38        AC  3     Str  6      XL: 7   Next: 52%
MP  12/24        EV  2     Int 23      God: Sif Muna [*.....]
Gold 240         SH  0     Dex 13      Spells:  6 memorised,  4 levels left

rFire  . . .     SeeInvis .     z - staff of conjuration
rCold  . . .     Clarity  .     a - +0 robe
rNeg   . . .     Conserve .     (no shield)
rPois  .         rCorr    .     f - +0 hat
rElec  .         rRot     .     (no cloak)
SustAb . .       Spirit   .     x - +0 pair of gloves
rMut   .         Warding  .     (no boots)
Saprov . . .     Stasis   .     (no amulet)
MR     .....                    (no ring)
                                (no ring)

@: paralysed, confused, not resistant to hostile enchantments, very unstealthy
A: no striking features
a: Channel Energy, Renounce Religion


You were on level 6 of the Dungeon.
You worshipped Sif Muna.
Sif Muna was aware of your devotion.
You were not hungry.

You visited 2 branches of the dungeon, and saw 7 of its levels.

You collected 240 gold pieces.

Inventory:

Missiles
 n - 15 darts (quivered)
 y - 3 exploding darts
Armour
 a - a +0 robe (worn)
 b - a +0 hat
 f - a +0 hat (worn)
 p - a +0 pair of gloves
 x - a +0 pair of gloves (worn)
 K - a +0 pair of gloves
Magical devices
 D - a wand of digging (11) {unknown}
Comestibles
 d - a chunk of adder flesh
 o - a meat ration
 r - an apple
 w - 2 pears
 Q - a choko
Scrolls
 e - a scroll of fog {unknown}
 g - 2 scrolls of remove curse {unknown}
 i - a scroll of enchant armour {unknown}
 k - 3 scrolls of teleportation {unknown}
 l - a scroll of noise {unknown}
 s - a scroll of enchant weapon I {unknown}
 t - 2 scrolls of identify
 A - a scroll of immolation {unknown}
 E - a scroll of fear {unknown}
 H - a scroll of amnesia {unknown}
 J - a scroll of enchant weapon II {unknown}
Jewellery
 F - an uncursed amulet of stasis
Potions
 h - 2 potions of heal wounds {unknown}
 m - a potion of degeneration {unknown}
 q - a potion of cure mutation {unknown}
 u - a potion of paralysis {unknown}
 v - a potion of might {unknown}
 B - 2 potions of haste {unknown}
 C - a potion of poison {unknown}
 G - a potion of restore abilities {unknown}
 I - a potion of resistance {unknown}
 P - a potion of lignification {unknown}
Books
 c - a book of Minor Magic

   Spells                             Type                      Level
   *Magic Dart                        Conjuration                  1
   *Blink                             Translocation                2
   *Call Imp                          Summoning                    2
   *Repel Missiles                    Charms/Air                   2
   Slow                               Hexes                        2
   Conjure Flame                      Conjuration/Fire             3
   *Mephitic Cloud                    Conjuration/Poison/Air       3
 j - a book of Hinderance

   Spells                             Type                      Level
   Confusing Touch                    Hexes                        1
   Confuse                            Hexes                        3
   Petrify                            Transmutation/Earth          4
   *Leda's Liquefaction               Hexes/Earth                  4
   Metabolic Englaciation             Hexes/Ice                    5
   Summon Mana Viper                  Hexes/Summoning              5
Magical staves
 z - an uncursed staff of conjuration (weapon)


   Skills:
 - Level 1.2 Fighting
 - Level 2.4 Dodging
 - Level 2.4 Stealth
 + Level 6.1 Spellcasting
 - Level 4.1 Conjurations
 * Level 0.0 Hexes
 + Level 1.3 Charms
 + Level 4.2 Summonings
 * Level 3.0 Translocations
 - Level 2.6 Air Magic
 - Level 3.0 Poison Magic


You had 4 spell levels left.
You knew the following spells:

 Your Spells              Type           Power        Failure   Level  Hunger
a - Magic Dart            Conj           ####         1%          1    None
b - Blink                 Tloc           N/A          3%          2    None
c - Call Imp              Summ           ####....     2%          2    None
d - Repel Missiles        Chrm/Air       ###...       10%         2    None
e - Mephitic Cloud        Conj/Pois/Air  ####....     10%         3    #......
f - Leda's Liquefaction   Hex/Erth       #.........   82%         4    ###....


Dungeon Overview and Level Annotations

Branches:
Dungeon (6/15)             Temple (1/1) D:5

Altars:
Ashenzari
Cheibriados
Dithmenos
Okawaru
Sif Muna
Trog
Vehumet
Xom
Yredelemnul
Zin
The Shining One

Annotations:
D:6 Grinder


Message History

Your crimson imp blinks!
The magic dart hits you!
* * * LOW HITPOINT WARNING * * *
Grinder comes into view.
Grinder shouts!
Grinder gestures at you.
You struggle to resist.
There is a stone staircase leading down here.
Grinder gestures at you.
You suddenly lose the ability to move!
Something hits your white imp.
You hear some strange, mumbled words.
You are confused.
Grinder says, "You look like you could use a good racking."
Something hits your white imp. Something hits your white imp!
Your white imp gestures at something.
Something hits you but does no damage. Grinder gestures at you.
Pain shoots through your body!
You die...

...
#.......
#.......#
#.......#
#.......#
#.......#
#..5....#
#.......#
#..@....#
#.......#
#.......#
#....(..#
#...(...#
#.......#
#.5.%.(.#
#....(>.#
#...5<(.#


You could see Grinder, a friendly crimson imp and a friendly white imp.

Vanquished Creatures
  A scorpion (D:6)
  2 crimson imps (D:5)
  3 orc priests (D:5)
  An iguana (D:5)
  3 worker ants
  6 adders
  A worm (D:2)
  3 giant geckos
  2 orcs (D:5)
  12 goblins
  6 hobgoblins
  9 jackals
  2 quokkas
  A ball python (D:1)
  10 bats
  4 giant cockroaches
  6 giant newts
  6 kobolds
  2 orc skeletons
  A quokka zombie (D:5)
  12 rats
  A rat skeleton (D:5)
94 creatures vanquished.

Vanquished Creatures (collateral kills)
  2 sky beasts (D:5)
  A centaur (D:6)
  A scorpion (D:4)
  A crimson imp (D:4)
  A hound (D:4)
  A jelly (D:5)
  3 worker ants
  An ogre zombie (D:5)
  2 adders
  A giant mite (D:6)
  A worm (D:4)
  8 orcs (D:5)
  3 giant cockroaches
  5 hobgoblins
  7 jackals
  A quokka (D:4)
  A bat (D:4)
  2 kobolds
42 creatures vanquished.

Vanquished Creatures (others)
  A shadow imp (D:2)
  5 white imps
6 creatures vanquished.

Grand Total: 142 creatures vanquished

Notes
Turn   | Place    | Note
--------------------------------------------------------------
     0 | D:1      | Quh, the Deep Elf Wizard, began the quest for the Orb.
     0 | D:1      | Reached XP level 1. HP: 10/10 MP: 6/6
   165 | D:1      | Reached XP level 2. HP: 15/15 MP: 7/10
   169 | D:1      | Learned a level 2 spell: Blink
   172 | D:1      | Learned a level 2 spell: Call Imp
   175 | D:1      | Learned a level 2 spell: Repel Missiles
   363 | D:1      | Reached skill level 5 in Spellcasting
   723 | D:1      | Found a glowing golden altar of the Shining One.
   893 | D:1      | Reached XP level 3. HP: 20/20 MP: 0/14
  1381 | D:2      | Found a shattered altar of Ashenzari.
  1711 | D:2      | Reached skill level 1 in Charms
  1990 | D:3      | Reached XP level 4. HP: 21/24 MP: 10/17
  2004 | D:3      | Learned a level 3 spell: Mephitic Cloud
  2444 | D:3      | Reached skill level 1 in Fighting
  2697 | D:4      | Reached skill level 1 in Air Magic
  2697 | D:4      | Reached XP level 5. HP: 25/29 MP: 5/19
  2912 | D:4      | Reached skill level 1 in Poison Magic
  3054 | D:4      | HP: 1/29 [worker ant (3)]
  3532 | D:4      | Reached XP level 6. HP: 34/34 MP: 15/21
  3572 | D:5      | Entered Level 5 of the Dungeon
  4103 | D:5      | Found a staircase to the Ecumenical Temple.
  4207 | Temple   | Entered the Ecumenical Temple
  4248 | Temple   | Became a worshipper of Sif Muna the Loreminder
  4913 | D:5      | Reached XP level 7. HP: 33/38 MP: 6/23
  5380 | D:6      | Acquired Sif Muna's first power
  5380 | D:6      | Reached skill level 6 in Spellcasting
  6018 | D:6      | Learned a level 4 spell: Leda's Liquefaction
  6046 | D:6      | Noticed Grinder
  6050 | D:6      | Paralysed by Grinder for 5 turns
  6053 | D:6      | Killed from afar by Grinder

Action                   |  1- 3 |  4- 6 |  7- 9 || total
-------------------------+-------+-------+-------++-------
Melee: Staff             |       |    12 |     1 ||    13
 Cast: Magic Dart        |    81 |   130 |    27 ||   238
       Call Imp          |    12 |    51 |    21 ||    84
       Blink             |     2 |     2 |     6 ||    10
       Mephitic Cloud    |       |    19 |     2 ||    21
       Repel Missiles    |       |     1 |     1 ||     2
  Use: Scroll            |       |     2 |       ||     2
       Potion            |       |     2 |     2 ||     4
 Stab: Confused          |       |     1 |       ||     1
